 Dungeon Crawl Stone Soup version 0.29.0 (webtiles) character file.

Game seed: 1807526052407900980

32 lilryz the Covered (level 3, -4/29 HPs)
             Began as a Human Fighter on Aug 27, 2022.
             Frozen to death by an endoplasm (5 damage)
             ... on level 4 of the Dungeon.
             The game lasted 00:10:10 (1508 turns).

lilryz the Covered (Human Fighter)                  Turns: 1508, Time: 00:10:12

Health: -4/29      AC:  7    Str: 18    XL:     3   Next: 42%
Magic:  3/3        EV:  9    Int:  8    God:
Gold:   58         SH:  4    Dex: 12    Spells: 2/2 levels left

rFire   . . .      SeeInvis .   a - +1 long sword
rCold   . . .      Faith    .   c - +0 buckler
rNeg    . . .      Spirit   .   b - +1 scale mail
rPois   .          Reflect  .   (no helmet)
rElec   .          Harm     .   (no cloak)
rCorr   .          Rampage  .   (no gloves)
Will    .....                   (no boots)
Stlth   ..........              (no amulet)
HPRegen 0.09/turn               (no ring)
MPRegen 0.08/turn               (no ring)

@: no status effects
A: no striking features
a: no special abilities


You were on level 4 of the Dungeon.
You visited 1 branch of the dungeon, and saw 4 of its levels.

You collected 58 gold pieces.

Inventory:

Hand Weapons
 a - a +1 long sword (weapon)
 e - a +0 dagger
Armour
 b - a +1 scale mail (worn)
 c - a +0 buckler (worn)
Potions
 d - a potion of might


   Skills:
 + Level 3.2 Fighting
 + Level 2.6 Long Blades
 + Level 3.3 Armour
 + Level 3.3 Shields


You had 2 spell levels left.
You didn't know any spells.
Your spell library contained the following spells:

 Spells                   Type           Power      Damage    Failure   Level
 Gell's Gravitas          Tloc           0%         N/A       99%         3
 Teleport Other           Tloc           0%         N/A       99%         3
 Blade Hands              Tmut           0%         N/A       100%        5
 Irradiate                Conj/Tmut      0%         3d11      100%        5
 Dispersal                Tloc           0%         N/A       100%        6
 Dragon Form              Tmut           0%         N/A       100%        7


Dungeon Overview and Level Annotations

Branches:
Dungeon (4/15)
 Temple: D:4-7

Altars:


Message History

An orc comes into view. It is wielding a +0 short sword.
An orc priest comes into view. It is wielding a +0 hand axe.
An orc comes into view. It is wielding a +0 whip.
You closely miss the goblin.
The orc shouts!
The goblin hits you with a +0 club. You block the orc priest's attack.
You slash the goblin!
You kill the goblin!
The orc priest invokes the aid of Beogh against you.
Beogh smites you!
A hobgoblin comes into view.
The endoplasm freezes you.
You are frozen.
The orc priest invokes the aid of Beogh against you.
Beogh smites you!
* * * LOW HITPOINT WARNING * * *
You hit the orc priest but do no damage.
The endoplasm hits you but does no damage.
The orc priest hits you but does no damage.
You block the orc priest's attack. The orc hits you but does no damage.
The endoplasm hits you but does no damage.
You slash the orc priest!
The orc priest is heavily wounded.
You block the orc's attack.
The endoplasm hits you but does no damage.
The orc hits you with a +0 club.
* * * LOW HITPOINT WARNING * * *
The orc priest barely misses you.
You slash the orc!
You kill the orc!
You block the orc's attack. The endoplasm hits you.
* * * LOW HITPOINT WARNING * * *
Unknown command.
You slash the orc priest!
You kill the orc priest!
You block the orc's attack.
The endoplasm jiggles.
The endoplasm freezes you.
You are frozen.
You die...

. ###### .<.
......
....#######......
.................
#..<....#####
#...J@).....#
#....oo.....#
#....g.......
##...##.....#
#..## ..o... #..#
...... #...
...... ##. .....


You could see an orc priest, 2 orcs, an endoplasm and a hobgoblin.

Vanquished Creatures
  An orc priest (D:4)
  An orc (D:4)
  6 bats
  4 endoplasms
  2 giant cockroaches
  3 goblins
  2 hobgoblins
  2 quokkas
  3 ball pythons (D:1)
  2 frilled lizards
  A kobold (D:1)
  3 rats
30 creatures vanquished.

Notes
Turn   | Place    | Note
-------+----------+-------------------------------------------
     0 | D:1      | lilryz the Human Fighter began the quest for the Orb.
     0 | D:1      | Reached XP level 1. HP: 18/18 MP: 1/1
   256 | D:1      | Reached XP level 2. HP: 12/24 MP: 2/2
  1111 | D:2      | Reached XP level 3. HP: 29/29 MP: 3/3
  1507 | D:4      | HP: 1/29 [endoplasm (1)]
  1508 | D:4      | Frozen to death by an endoplasm

Illustrated notes

Levels and vault maps discovered:
D:1:      lemuel_arrival_funnel, layout_basic
D:2:      layout_loops_cross, solitary_fountain
D:3:      layout_loops_corners, doesnt_xom_only_xom
D:4:      layout_basic, ashenzari_altar_1, cheibrodos_sewer_entry_bend,
          gammafunk_ghost_smash

Action                   || total
-------------------------++-------
Melee: Long sword        ||    68
  Use: Scroll            ||     5
       Potion            ||     2
Armor: Scale mail        ||    38
Dodge: Dodged            ||    31
Block: Buckler           ||    16
